 Dungeon Crawl Stone Soup version 0.21.1-1-g345015fe64 (webtiles) character file.

2687 Redear the Grappler (level 9, -4/62 (63) HPs)
             Began as a Demonspawn Berserker on Mar 6, 2018.
             Was an Elder of Trog.
             Killed by divine providence
             ... invoked by an orc priest
              (15 damage)
             ... on level 6 of the Dungeon.
             The game lasted 00:47:42 (5736 turns).

Redear the Grappler (Demonspawn Berserker)          Turns: 5736, Time: 00:47:43

HP:   -4/62 (63)    AC:  6    Str: 20    XL:     9   Next: 38%
MP:   9/9           EV: 11    Int:  9    God:    Trog [****..]
Gold: 105           SH:  0    Dex: 13    Spells: 8/8 levels left

rFire    + . .     SeeInvis .     - Unarmed
rCold    . . .     Gourm    .   (no shield)
rNeg     . . .     Faith    .   a - +1 animal skin
rPois    .         Spirit   .   (no helmet)
rElec    .         Reflect  .   (no cloak)
rCorr    .         Harm     .   (no gloves)
MR       .....                  (no boots)
Stlth    +.........             (no amulet)
HPRegen  0.20/turn              k - ring of flight
MPRegen  0.11/turn              (no ring)

@: berserk cooldown, slowed, drained, very slow
A: hooves 1, yellow scales 2, fire resistance 1, spiny 2
a: Berserk, Trog's Hand, Brothers in Arms, Burn Spellbooks, Renounce Religion,
Evoke Flight


You were on level 6 of the Dungeon.
You worshipped Trog.
Trog was greatly pleased with you.
You were not hungry.

You visited 1 branch of the dungeon, and saw 6 of its levels.

You collected 217 gold pieces.
You spent 112 gold pieces at shops.

Inventory:

Missiles
 w - 2 tomahawks of returning (quivered)
Armour
 a - a +1 animal skin (worn)
 g - a +0 plate armour
 q - a +0 helmet
Jewellery
 k - a ring of flight (left hand)
Wands
 e - a wand of flame (19)
Scrolls
 d - a scroll of fear {unknown}
 i - 8 scrolls of identify
 n - a scroll of magic mapping
 o - a scroll of remove curse
 u - a scroll of noise
Potions
 b - a potion of invisibility
 c - 5 potions of heal wounds {unknown}
 f - a potion of magic {unknown}
 h - a potion of brilliance {unknown}
 j - a potion of ambrosia {unknown}
 m - a potion of degeneration {unknown}
 p - 2 potions of curing {unknown}
 v - a potion of agility {unknown}
 z - a potion of might {unknown}
Comestibles
 l - 4 rations
 r - 4 chunks of flesh


   Skills:
 - Level 3.1(2.1) Fighting
 - Level 1.8(0.9) Armour
 - Level 1.8(0.8) Dodging
 - Level 1.0(0.1) Stealth
 + Level 11.7(10.5) Unarmed Combat


You had 8 spell levels left.
You didn't know any spells.

Dungeon Overview and Level Annotations

Branches:
Dungeon (6/15)             Temple (0/1) D:5

Altars:
Ashenzari
Cheibriados
Dithmenos
Fedhas
Hepliaklqana
Kikubaaqudgha
Okawaru
Uskayaw

Shops:
D:4 ?

Annotations:
D:4 1 runed door


Innate Abilities, Weirdness & Mutations

You have large cloven feet.
You are mostly covered in yellow scales. (AC +3)
Your flesh is heat resistant. (rF+)
You are mostly covered in sharp spines.


Message History

The orc priest calls down the wrath of Beogh upon you.
Beogh smites you!
* * * LOW HITPOINT WARNING * * *
You miss something. Your kick misses something.
Something hits you but does no damage.
You barely miss something.
The orc warrior shouts!
Your kick misses something.
You are no longer berserk.
You are exhausted.
You feel yourself slow down.
A magic dart appears from out of thin air!
The magic dart hits you!
* * * LOW HITPOINT WARNING * * *
The orc priest is struck by your spines.
The orc priest barely misses you.
You fail to use your ability.
The orc priest calls down the wrath of Beogh upon you.
Beogh smites you!
You die...

.......................
###############.######.#
##############.### .#
#................####.#
##.############<#.#....#
...#.. .# #†#.#.#..#
...#.# .# #.#......####
.#.#.# .# #.###).......
.....##.# #.@o.........
..#..... #.####o......
.##..#.#### #.# .......
<....#....# #.# .......
####..###.##. #.#
...o... .............
#.# .......
#####..##.... #.#
....... # #....# .# #.
....... ###.##.#


You could see an orc warrior and an orc priest.

Vanquished Creatures
  Pikel (D:4)
  The ghost of VanClaymore the Cudgeler, a novice GrMo (D:6)
  Sigmund (D:2)
  Duvessa (D:5)
  A sky beast (D:5)
  2 ice beasts (D:6)
  A necrophage (D:5)
  3 ogres (D:6)
  2 scorpions (D:6)
  Dowan (D:5)
  The ghost of coier the Bolt Thrower, a weakling GnWn (D:3)
  3 crimson imps (D:5)
  2 orc priests
  A gnoll shaman (D:5)
  3 hounds
  6 orc wizards
  Jessica (D:2)
  A bullfrog skeleton (D:4)
  Natasha (twice) (D:4)
  An iguana (D:3)
  A worker ant (D:5)
  2 hound skeletons
  5 gnolls
  7 adders
  A shadow imp (D:5)
  2 oozes
  2 worms
  4 dart slugs
  2 leopard geckos
  20 orcs
  5 giant cockroaches
  7 goblins
  6 hobgoblins
  9 jackals
  9 kobolds
  2 ball pythons
  6 bats
  4 frilled lizards
  A quokka skeleton (D:4)
  10 rats
140 creatures vanquished.

Vanquished Creatures (others)
  Natasha (D:4)
  An adder (D:4)
2 creatures vanquished.

Grand Total: 142 creatures vanquished

Notes
Turn   | Place    | Note
-------+----------+-------------------------------------------
     0 | D:1      | Redear the Demonspawn Berserker began the quest for the Orb.
     0 | D:1      | Reached XP level 1. HP: 18/18 MP: 1/1
   426 | D:1      | Reached skill level 3 in Unarmed Combat
   426 | D:1      | Gained mutation: Your flesh is heat resistant. (rF+) [demonic ancestry]
   426 | D:1      | Reached XP level 2. HP: 24/24 MP: 2/2
   793 | D:1      | Reached XP level 3. HP: 28/29 MP: 3/3
   999 | D:1      | Reached ** piety under Trog
  1147 | D:2      | Found a blossoming altar of Fedhas.
  1204 | D:2      | Noticed Jessica
  1215 | D:2      | Killed Jessica
  1215 | D:2      | Reached skill level 4 in Unarmed Combat
  1256 | D:2      | Reached XP level 4. HP: 35/35 MP: 4/4
  1327 | D:2      | Found a hide-covered altar of Uskayaw.
  1914 | D:2      | Noticed Sigmund
  1935 | D:2      | Killed Sigmund
  1935 | D:2      | Reached skill level 6 in Unarmed Combat
  1935 | D:2      | Gained mutation: You are partially covered in yellow scales. (AC +2) [demonic ancestry]
  1935 | D:2      | Reached XP level 5. HP: 37/41 MP: 5/5
  1935 | D:2      | Gained mutation: You are partially covered in sharp spines. [demonic ancestry]
  1935 | D:2      | Reached XP level 6. HP: 43/47 MP: 6/6
  2131 | D:2      | Found an iron altar of Okawaru.
  2653 | D:3      | Reached *** piety under Trog
  2715 | D:3      | Noticed coier's ghost (weakling GnWn)
  2727 | D:3      | Killed coier's ghost
  2727 | D:3      | Reached skill level 7 in Unarmed Combat
  2867 | D:3      | Found a faded altar of an unknown god.
  3125 | D:3      | Gained mutation: You are mostly covered in sharp spines. [demonic ancestry]
  3125 | D:3      | Reached XP level 7. HP: 46/52 MP: 7/7
  3318 | D:3      | Found a shadowy altar of Dithmenos.
  3695 | D:4      | Noticed Natasha
  3700 | D:4      | Killed Natasha
  3774 | D:4      | Found Nala's Magic Scroll Emporium.
  3804 | D:4      | Bought a scroll of identify for 28 gold pieces
  3804 | D:4      | Bought a scroll of identify for 28 gold pieces
  3804 | D:4      | Bought 2 scrolls of identify for 56 gold pieces
  3874 | D:4      | Noticed Pikel
  3884 | D:4      | Killed Pikel
  3884 | D:4      | Reached skill level 1 in Stealth
  3884 | D:4      | Reached skill level 9 in Unarmed Combat
  3884 | D:4      | Gained mutation: You are mostly covered in yellow scales. (AC +3) [demonic ancestry]
  3884 | D:4      | Reached XP level 8. HP: 58/58 MP: 8/8
  3959 | D:4      | Found a snail-covered altar of Cheibriados.
  4017 | D:4      | Found a runed door.
  4051 | D:4      | Noticed Natasha
  4052 | D:4      | Killed Natasha
  4059 | D:4      | Noticed Natasha
  4067 | D:4      | Killed Natasha
  4148 | D:5      | Entered Level 5 of the Dungeon
  4300 | D:5      | Found a shattered altar of Ashenzari.
  4304 | D:5      | Found a hazy altar of Hepliaklqana.
  4431 | D:5      | Reached **** piety under Trog
  4554 | D:5      | Reached skill level 10 in Unarmed Combat
  4634 | D:5      | Found a staircase to the Ecumenical Temple.
  4817 | D:5      | Noticed Dowan
  4827 | D:5      | Killed Dowan
  4911 | D:5      | Found an ancient bone altar of Kikubaaqudgha.
  5034 | D:5      | Noticed Duvessa
  5049 | D:5      | Killed Duvessa
  5501 | D:6      | Gained mutation: You have large cloven feet. [demonic ancestry]
  5501 | D:6      | Reached XP level 9. HP: 62/62 MP: 9/9
  5557 | D:6      | Reached skill level 11 in Unarmed Combat
  5703 | D:6      | Noticed VanClaymore's ghost (novice GrMo)
  5730 | D:6      | Killed VanClaymore's ghost
  5736 | D:6      | Killed from afar by an orc priest

Skill      XL: |  1  2  3  4  5  6  7  8  9 |
---------------+----------------------------+-----
Unarmed Combat | 3 4 6 7 9 10 11 | 11.7
Stealth        | 1 |  1.0
Fighting       | |  3.1
Armour         | |  1.8
Dodging        | |  1.8

Action                   |  1- 3 |  4- 6 |  7- 9 || total
-------------------------+-------+-------+-------++-------
Melee: Unarmed           |    86 |   143 |   169 ||   398
       Punch             |     2 |     3 |     4 ||     9
       Kick              |       |       |    12 ||    12
Invok: Berserk           |     2 |     4 |     9 ||    15
       Trog's Hand       |       |       |     1 ||     1
  Use: Scroll            |       |       |    12 ||    12
  Eat: Ration            |     1 |     2 |     4 ||     7
       Chunk             |       |     5 |     1 ||     6
Armor: Plate armour      |    58 |    84 |    58 ||   200
       Animal skin       |       |       |     9 ||     9
Dodge: Dodged            |    34 |    47 |    42 ||   123
